AoeStats
← TonTonJu

Arabia

510317005Analyzed
1v1 RM · 1d ago on Sep 30, 2026· 40m 52s· 2 players
Game mode
Random Map
Map size
Tiny (2 player)
Population
200
Speed
Normal
Resources
Standard
Victory
Conquest
Starting age
Dark Age
Ending age
Imperial Age
RankedLock teamsTeams togetherTeam positionsShared explorationLock speedFull tech treeHidden civsTurbo modeCheats
Victory
Defeat
🇨🇳 Maya · China
1393
+14
🇹🇼 Khmer · Taiwan
1354
-14
TonTonJu
0:27 Loom
9:04 Feudal Age
11:19 Double-Bit Axe
19:56 Castle Age
18:15 Fletching
18:51 Gold Mining
19:59 Crossbowman
20:40 Bodkin Arrow
21:27 Bow Saw
21:34 Padded Archer Armor
25:44 Leather Archer Armor
28:11 Horse Collar
29:47 Wheelbarrow
31:25 Town Watch
36:01 Imperial Age
36:49 Bracer
37:54 Chemistry
38:11 Ballistics
39:11 Ring Archer Armor
39:50 Arbalester
39:59 Pikeman
萬兔淑麗
6:20 Loom
8:43 Feudal Age
9:34 Double-Bit Axe
10:17 Horse Collar
17:15 Padded Archer Armor
17:09 Fletching
22:02 Castle Age
21:33 Scale Barding Armor
21:38 Forging
21:41 Bloodlines
22:13 Gold Mining
22:11 Elite Skirmisher
25:18 Bodkin Arrow
31:48 Chain Barding Armor
35:00 Bow Saw
39:21 Imperial Age
39:40 Iron Casting
Connection lost

Rejoining the realm…

Still unreachable

The connection could not be restored.

Session expired

The server has moved on; the page needs a fresh start.